 Dungeon Crawl Stone Soup version 0.27-a0-1144-g0b7d3b79db (webtiles) character file.

Game seed: 4010273081692204384

189 toffzen the Chopper (level 5, 0/33 HPs)
             Began as a Tengu Berserker on May 11, 2021.
             Was a Priest of Trog.
             Slain by an orc priest
             ... wielding a +0 trident
              (7 damage)
             ... on level 4 of the Dungeon.
             The game lasted 00:04:50 (3265 turns).

toffzen the Chopper (Tengu Berserker)               Turns: 3265, Time: 00:04:50

Health: 0/33       AC:  5    Str: 24    XL:     5   Next: 68%
Magic:  6/6        EV: 14    Int:  7    God:    Trog [***...]
Gold:   148        SH:  0    Dex: 14    Spells: 4/4 levels left

rFire    . . .     SeeInvis .   a - +0 hand axe
rCold    . . .     Faith    .   (no shield)
rNeg     + . .     Spirit   .   l - +0 ring mail {rN+}
rPois    .         Reflect  .   (helmet restricted)
rElec    .         Harm     .   (no cloak)
rCorr    .         Rampage  .   (no gloves)
Will     .....                  (boots unavailable)
Stlth    +.........             (no amulet)
HPRegen  0.11/turn              f - +6 ring of strength
MPRegen  0.10/turn              (no ring)

@: on berserk cooldown, flying quickly and evasively, slowed, very slow
A: beak, talons 3, nimble flight
a: Renounce Religion, Berserk, Trog's Hand


You were on level 4 of the Dungeon.
You worshipped Trog.
Trog was most pleased with you.
You visited 1 branch of the dungeon, and saw 4 of its levels.

You collected 148 gold pieces.

Inventory:

Hand Weapons
 a - a +0 hand axe (weapon)
Missiles
 e - 88 stones
 i - 26 sling bullets
Armour
 b - a +0 animal skin
 c - a +0 scale mail
 l - a +0 ring mail of positive energy (worn)
Jewellery
 f - a +6 ring of strength (left hand)
 o - a ring of poison resistance
Scrolls
 g - a scroll of amnesia {unknown}
 h - a scroll of silence {unknown}
 j - 4 scrolls of identify {unknown}
 k - a scroll of immolation
 m - a scroll of fog {unknown}
 n - a scroll of torment {unknown}
 q - a scroll of teleportation {unknown}
 r - a scroll of brand weapon {unknown}
 s - a scroll of enchant weapon {unknown}
 t - a scroll of fear {unknown}
Potions
 d - 2 potions of curing {unknown}
 p - a potion of magic {unknown}


   Skills:
 + Level 3.8 Fighting
 * Level 5.0 Axes
 + Level 3.3 Armour
 + Level 3.3 Dodging


You had 4 spell levels left.
You didn't know any spells.
Your spell library was empty.

Dungeon Overview and Level Annotations

Branches:
Dungeon (4/15)
 Temple: D:4-7

Altars:
Ashenzari
Cheibriados
Nemelex Xobeh
Qazlal
Uskayaw

Annotations:
D:3 1 runed translucent door, 1 exclusion, Crazy Yiuf


Innate Abilities, Weirdness & Mutations

You have a beak for a mouth.
You have claws for feet.
Your magical nature lets you fly swiftly and evasively.


Message History

The orc barely misses you.
You closely miss the orc. You claw the orc.
You kill the orc!
Trog accepts your kill.
The orc priest calls down the wrath of Beogh upon you.
Pain shoots through your body!
You see here 7 gold pieces.
A red film seems to cover your vision as you go berserk!
You feel yourself moving faster!
You feel mighty!
You feel a strong urge to attack something.
The orc misses you.
You slash the orc!
You kill the orc!
Trog accepts your kill.
You slash the orc!
You kill the orc!
Trog accepts your kill.
The orc priest calls down the wrath of Beogh upon you.
Pain shoots through your body!
Your Axes skill increases to level 5!
The orc priest hits you from afar with a +0 trident!
Things that are here:
a +0 trident; a +0 leather armour You feel a strong urge to attack something.
You hit the orc priest. You claw the orc priest.
The orc priest is moderately wounded.
You are no longer berserk.
You are exhausted.
You feel yourself slow down. The orc priest barely misses you.
You hit the orc priest but do no damage.
Your kick misses the orc priest.
The orc priest is moderately wounded.
The orc priest hits you with a +0 trident.
You hit the orc priest. You peck the orc priest.
The orc priest is almost dead.
The orc priest invokes the aid of Beogh against you.
Beogh smites you!
* * * LOW HITPOINT WARNING * * *
The orc priest hits you with a +0 trident!
You die...

... ##..##..# #
##..##..#
######...##.†#
.........##..#
†.##....###..##
#########
#.)$## ##.).###
##..).##
###.@.# ...
##o.# ### #..#
# ##.# .# .# .
.# ..


You could see an orc priest.

Vanquished Creatures
  Natasha (twice) (D:3)
  4 adders (D:2)
  4 worms (D:2)
  2 dart slugs
  5 orcs
  11 ball pythons
  4 bats
  4 endoplasms
  3 giant cockroaches (D:3)
  4 goblins
  8 hobgoblins
  5 jackals
  5 quokkas
  3 frilled lizards
  9 kobolds
  7 rats
80 creatures vanquished.

Notes
Turn   | Place    | Note
-------+----------+-------------------------------------------
     0 | D:1      | toffzen the Tengu Berserker began the quest for the Orb.
     0 | D:1      | Reached XP level 1. HP: 14/14 MP: 2/2
   435 | D:1      | Reached XP level 2. HP: 19/19 MP: 3/3
   835 | D:1      | Reached XP level 3. HP: 23/23 MP: 4/4
   870 | D:1      | Reached ** piety under Trog
  1091 | D:2      | Found a faded altar of an unknown god.
  1121 | D:2      | Reached skill level 4 in Axes
  1190 | D:2      | Reached XP level 4. HP: 28/28 MP: 5/5
  2066 | D:3      | Gained mutation: Your magical nature lets you fly swiftly
                  | and evasively. [Tengu growth]
  2066 | D:3      | Reached XP level 5. HP: 32/32 MP: 6/6
  2072 | D:3      | Found a sparkling altar of Nemelex Xobeh.
  2072 | D:3      | Found a hide-covered altar of Uskayaw.
  2072 | D:3      | Found a snail-covered altar of Cheibriados.
  2076 | D:3      | Found a stormy altar of Qazlal.
  2078 | D:3      | Found a broken altar of Ashenzari.
  2175 | D:3      | Reached *** piety under Trog
  2349 | D:3      | Noticed Natasha
  2357 | D:3      | Killed Natasha
  2558 | D:3      | Noticed Natasha
  2576 | D:3      | Killed Natasha
  2973 | D:3      | Found a runed translucent door.
  2974 | D:3      | Noticed Crazy Yiuf
  3261 | D:4      | Reached skill level 5 in Axes
  3265 | D:4      | Slain by an orc priest

Illustrated notes

Levels and vault maps discovered:
D:1:      minmay_arrival_doors, layout_basic, minmay_hexomino_u4
D:2:      minmay_angry_zag, layout_rooms, hellmonk_ecumenical_altar_blasted,
          kennysheep_decorative_pillar, wander_ebering_terrifying_dragon_lair
D:3:      layout_loops_corners, minitemple, kennysheep_generic_room_9,
          uniq_natasha, uniq_crazy_yiuf_cottage
D:4:      layout_layer_cave, old_standard_altar, nicolae_elemental_shop

Skill      XL: |  1  2  3  4  5 |
---------------+----------------+-----
Axes           | 4 5 |  5.0
Dodging        | 3 |  3.3
Armour         | 3 |  3.3
Fighting       | |  3.8

Action                   |  1- 3 |  4- 6 || total
-------------------------+-------+-------++-------
Melee: Hand axe          |    62 |    79 ||   141
       Kick              |    19 |    28 ||    47
       Peck              |     8 |    13 ||    21
Invok: Berserk           |     3 |     2 ||     5
       Trog's Hand       |       |     2 ||     2
Armor: Scale mail        |    17 |       ||    17
       Ring mail         |     1 |    21 ||    22
Dodge: Dodged            |    21 |    36 ||    57

Table legend: (Time is in decaauts)
 A = Elapsed time spent in this place.
 B = Non-inter-level travel time spent in this place.
 C = Inter-level travel time spent in this place.
 D = Time resting spent in this place.
 E = Time spent auto-exploring this place.
 F = Levels seen in this place.
 G = Mean time per level.
                   A        B        C        D        E       F      G
               +--------+--------+--------+--------+--------+-----+--------+
         Total |   3221 |   3099 |    122 |    871 |   1602 |   4 |  805.2 |
       Dungeon |   3221 |   3099 |    122 |    871 |   1602 |   4 |  805.2 |
               +--------+--------+--------+--------+--------+-----+--------+

Top non-repeatable levels by time:
     D:3: 1092 daAuts
     D:1: 1064 daAuts
     D:2: 990 daAuts
     D:4: 74 daAuts
